 Dungeon Crawl Stone Soup version 0.26-a0-837-g5a8a614f01 (webtiles) character file.

Game seed: 6792371454013866419

106 Morbidden the Skirmisher (level 4, -2/40 HPs)
             Began as a Palentonga Fighter on Nov 18, 2020.
             Killed from afar by an orc wizard (10 damage)
             ... with a puff of flame
             ... on level 3 of the Dungeon.
             The game lasted 00:02:00 (1864 turns).

Morbidden the Skirmisher (Palentonga Fighter)       Turns: 1864, Time: 00:02:01

Health: -2/40      AC:  7    Str: 20    XL:     4   Next: 55%
Magic:  0/4        EV:  5    Int:  8    God:
Gold:   70         SH:  9    Dex: 16    Spells: 4/4 levels left

rFire    . . .     SeeInvis +   a - +1 long sword
rCold    . . .     Faith    .   c - +0 kite shield
rNeg     . . .     Spirit   +   b - +0 scale mail
rPois    .         Reflect  .   (no helmet)
rElec    .         Harm     .   o - +0 cloak
rCorr    .         Rampage  .   (no gloves)
MR       .....                  (no barding)
Stlth    ..........             l - amulet of guardian spirit
HPRegen  0.13/turn              n - +6 ring of dexterity
MPRegen  0.09/turn              (no ring)

@: brilliant, flying
A: large, rugged brown scales 3, see invisible, deformed body, roll 1, armoured
tail
a: Rolling Charge


You were on level 3 of the Dungeon.
You visited 1 branch of the dungeon, and saw 3 of its levels.

You collected 70 gold pieces.

Inventory:

Hand Weapons
 a - a +1 long sword (weapon)
Missiles
 p - 7 atropa-tipped darts (quivered)
 q - 3 boomerangs
Armour
 b - a +0 scale mail (worn)
 c - a +0 kite shield (worn)
 o - a +0 cloak (worn)
Jewellery
 l - an amulet of guardian spirit (around neck)
 n - a +6 ring of dexterity (left hand)
 r - an uncursed ring of protection from cold {unknown}
Scrolls
 e - a scroll of noise {unknown}
 g - 2 scrolls of enchant weapon
 j - a scroll of identify {unknown}
 k - a scroll of teleportation {unknown}
 m - a scroll of amnesia {unknown}
Potions
 d - a potion of might
 f - a potion of curing {unknown}
 h - a potion of brilliance
 i - 2 potions of flight


   Skills:
 * Level 3.5 Fighting
 + Level 2.7 Long Blades
 + Level 3.1 Armour
 + Level 3.0 Shields
 * Level 0.5 Spellcasting


You had 4 spell levels left.
You didn't know any spells.
Your spell library was empty.

Dungeon Overview and Level Annotations

Branches:
Dungeon (3/15)

Altars:
Qazlal


Innate Abilities, Weirdness & Mutations

You are completely covered in rugged brown scales. (AC +3, +7% HP)
You have supernaturally acute eyesight. (SInv)
Armour fits poorly on your strangely shaped body.
You can roll at nearby foes to attack.
You have a long armoured tail.


Message History

The orc wizard gestures at you while chanting.
The puff of frost hits you!
You barely miss the orc wizard.
The orc wizard is almost dead.
The orc wizard gestures at you while chanting.
The puff of frost hits you! The orc wizard casts a spell at you.
The puff of flame hits you!
* * * LOW HITPOINT WARNING * * *
It was a potion of flight.
You feel very buoyant.
You fly up into the air.
The orc wizard hits you but does no damage.
Unknown command.
It was a potion of brilliance.
You feel clever all of a sudden.
The orc wizard hits you but does no damage.
The orc wizard points at you and mumbles some strange words.
The puff of flame hits you!
You die...

. #.###.###.#.##. .###
#......#.##.### ..#
#.##.##.###.# ...
##.##.##.# #.# #.#
########.#.#.##)# #.# #
#.# ..............#.#
#.# #.
#.###########.######.#.#
#.# #.##.<.oo.o.#
#.'≈≈§§#.#)# #.#
....#######.# #@# #...#
#.# ###.# #.# ##o# #†..#
#.# #o# #.###oo# #.#.#
#.# #.#
#.o....######.#.# #.#
#.# #####......o..#.#
#.### #)# ##.#####..#.#
#.... #)# #.#####[##.#
##### #.. #...o......#
#### #######.####


You could see 3 orc wizards.

Vanquished Creatures
  An orc wizard (D:3)
  3 gnolls
  An adder (D:3)
  A worm (D:2)
  A dart slug (D:3)
  9 orcs (D:3)
  A giant cockroach (D:1)
  2 goblins (D:1)
  2 hobgoblins (D:2)
  A quokka (D:2)
  6 bats
  2 kobolds
30 creatures vanquished.

Notes
Turn   | Place    | Note
-------+----------+-------------------------------------------
     0 | D:1      | Morbidden the Palentonga Fighter began the quest for the
                  | Orb.
     0 | D:1      | Reached XP level 1. HP: 20/20 MP: 1/1
   730 | D:2      | Noticed an earth elemental
   732 | D:2      | Found a stormy altar of Qazlal.
   750 | D:2      | Reached XP level 2. HP: 23/27 MP: 2/2
  1113 | D:2      | Noticed a fire elemental
  1116 | D:2      | Noticed an air elemental
  1116 | D:2      | Noticed a water elemental
  1151 | D:3      | Reached XP level 3. HP: 11/33 MP: 1/3
  1636 | D:3      | Reached XP level 4. HP: 27/40 MP: 4/4
  1864 | D:3      | Killed from afar by an orc wizard

Illustrated notes

Levels and vault maps discovered:
D:1:      lemuel_arrival_broad_hall, layout_basic
D:2:      layout_rooms, nicolae_qazlal_style_of_elements
D:3:      layout_loops_ring, general_overflow_altar

Skill      XL: |  1  2  3 |
---------------+----------+-----
Armour         | 3 |  3.1
Shields        | 3 |  3.0
Fighting       | |  3.5
Long Blades    | |  2.7
Spellcasting   | |  0.5

Action                   |  1- 3 |  4- 6 || total
-------------------------+-------+-------++-------
Melee: Long sword        |    67 |    27 ||    94
       Tailslap          |     8 |     3 ||    11
Throw: Dart              |     1 |       ||     1
 Abil: Rolling Charge    |     5 |     3 ||     8
  Use: Scroll            |     1 |       ||     1
       Potion            |       |     2 ||     2
Armor: Scale mail        |    38 |    10 ||    48
Dodge: Dodged            |     9 |     3 ||    12
Block: Kite shield       |    51 |     7 ||    58
       Rpst.: Long sword |     1 |     1 ||     2

Table legend: (Time is in decaauts)
 A = Elapsed time spent in this place.
 B = Non-inter-level travel time spent in this place.
 C = Inter-level travel time spent in this place.
 D = Time resting spent in this place.
 E = Time spent auto-exploring this place.
 F = Levels seen in this place.
 G = Mean time per level.
                   A        B        C        D        E       F      G
               +--------+--------+--------+--------+--------+-----+--------+
         Total |   1906 |   1876 |     30 |    375 |   1202 |   3 |  635.3 |
       Dungeon |   1906 |   1876 |     30 |    375 |   1202 |   3 |  635.3 |
               +--------+--------+--------+--------+--------+-----+--------+

Top non-repeatable levels by time:
     D:2: 802 daAuts
     D:1: 734 daAuts
     D:3: 370 daAuts
